 Dungeon Sprint DCSS version 0.30-a0-852-g08b95dd62f (webtiles) character file.

Game seed: 6472388080598059910

738 dialectric the Fighter (level 7, -1/52 HPs)
             Began as a Gargoyle Fighter on Mar 4, 2023.
             Slain by a water moccasin (5 damage)
             ... in the Dungeon (Sprint II: "The Violet Keep of Menkaure").
             The game lasted 00:01:14 (98 turns).

dialectric the Fighter (Gargoyle Fighter)             Turns: 98, Time: 00:01:15

Health: -1/52      AC: 13    Str: 20    XL:     7   Next: 75%
Magic:  7/7        EV: 12    Int:  8    God:
Gold:   243        SH:  0    Dex: 11    Spells: 6/6 levels left

rFire   . . .      SeeInvis .    a - +0 trident
rCold   . . .      Faith    .    (no shield)
rNeg    + . .      Spirit   .    b - +0 scale mail
rPois   ∞          Reflect  .    (no helmet)
rElec   +          Rampage  .    (no cloak)
rCorr   .          NoTele   +    (no gloves)
Will    .....                    (no boots) Stlth
                                 (no amulet)
HPRegen 0.28/turn                (no ring)
MPRegen 0.10/turn                (no ring)

@: no status effects
A: sickness immunity, AC +4, negative energy resistance 1, electricity
resistance, torment resistance 1, petrification resistance
a: no special abilities


You were in the Dungeon.
You visited 1 branch You collected 243 gold pieces.

Inventory:

Hand Weapons
 a - a +0 trident (weapon)
Armour
 b - a +0 scale mail (worn)
 c - a +0 buckler
Scrolls
 j - a scroll of blinking
Potions
 g - a potion of haste
 h - 2 potions of magic
 i - a potion of berserk rage


   Skills:
 + Level 10.0 Fighting
 * Level 8.4 Polearms
 + Level 9.5 Armour
 + Level 5.9 Dodging
 - Level 3.2 Shields


You had 6 spell levels left.
You didn't know any spells.
Your spell library was empty.

Dungeon Overview and Level Annotations

Branches:
Dungeon (1/1)

Altars:
Cheibriados
Dithmenos
Elyvilon
Fedhas
Gozag
Kikubaaqudgha
Makhleb
Trog
Lugonu

Shops:
D (:

Annotations:
D exclusion: orange crystal statue


Innate Abilities, Weirdness & Mutations

You are immune to sickness and miasma.
Your stone body is resilient. (AC +4)
You are immune to poison.
You resist negative energy. (rN+)
You are resistant to electric shocks. (rElec)
You are resistant to unholy torment.
You are immune to petrification.


Message History

You now have 243 gold pieces.
There is an open door here.
You feel a little less mighty now.
Found 243 gold pieces.
You don't know any spells.
Okay, then.
You close the door.
Found a blossoming altar of Fedhas.
Found three altars.
A neqoxec comes into view.
A water moccasin comes into view.
Really walk into a travel-excluded area?
Found a shadowy altar of Dithmenos and a corrupted altar of Lugonu.
The neqoxec shouts!
The water moccasin hisses angrily.
Found three altars.
You hit the water moccasin but do no damage.
The water moccasin bites you.
You hit the water moccasin.
The water moccasin is lightly wounded.
The water moccasin bites you.
* * * LOW HITPOINT WARNING * * *
The water moccasin bites you but does no damage.
You barely miss the water moccasin.
The water moccasin is lightly wounded.
The water moccasin bites you.
* * * LOW HITPOINT WARNING * * *
You hit the water moccasin.
The water moccasin is moderately wounded.
The water moccasin bites you.
* * * LOW HITPOINT WARNING * * *
You miss the water moccasin.
The water moccasin is moderately wounded.
The water moccasin bites you.
* * * LOW HITPOINT WARNING * * *
You puncture the water moccasin!
The water moccasin is heavily wounded.
You are engulfed in a cloud of scalding steam.
* * * LOW HITPOINT WARNING * * *
The water moccasin bites you.
You die...

~.##'##..# ~##.#.##.####
~#.###.#....#
###.#.####..## .#
#'###.##..#
..##.##.#.#..#
#†.<.+##$+..### ###
..##.###..#....###...##▓
.# #+# #.##§§...@S3~~~~~
# ###§~.§§§.~#'####
#~~~~§~~..~#.....
#~§~~~§~~.~#...._
#~~§§≈≈~§§§~#..._.
○~°○§~≈≈≈§§§~#.._._
'°○#§≈≈≈§§§§~#._._.
##≈≈§###≈§#_._._


You could see a neqoxec and a water moccasin.

Vanquished Creatures
  2 wyverns (D)
  A neqoxec (D)
  A water moccasin (D)
  4 scorpions (D)
8 creatures vanquished.

Notes
Turn   | Place    | Note
-------+----------+-------------------------------------------
     0 | D        | dialectric the Gargoyle Fighter began the quest for the
                  | Orb.
     0 | D        | Reached XP level 1. HP: 14/14 MP: 1/1
     8 | D        | Noticed a scorpion
     8 | D        | Noticed a scorpion
     8 | D        | Noticed a scorpion
     8 | D        | Noticed a scorpion
    14 | D        | Killed a scorpion
    15 | D        | Reached skill level 5 in Fighting
    15 | D        | Reached skill level 5 in Armour
    15 | D        | Reached XP level 2. HP: 13/22 MP: 2/2
    15 | D        | Reached XP level 3. HP: 16/27 MP: 3/3
    16 | D        | Killed a scorpion
    17 | D        | Reached skill level 6 in Fighting
    17 | D        | Reached XP level 4. HP: 20/32 MP: 4/4
    28 | D        | Killed a scorpion
    29 | D        | Reached skill level 7 in Fighting
    29 | D        | Reached XP level 5. HP: 18/38 MP: 5/5
    35 | D        | Noticed a neqoxec
    40 | D        | Noticed a neqoxec
    43 | D        | Killed a neqoxec
    44 | D        | Reached skill level 8 in Fighting
    44 | D        | Reached skill level 5 in Polearms
    44 | D        | Reached skill level 5 in Dodging
    44 | D        | Reached XP level 6. HP: 9/45 MP: 6/6
    47 | D        | Noticed a wyvern
    47 | D        | Noticed a wyvern
    52 | D        | Killed a wyvern
    53 | D        | Reached skill level 9 in Fighting
    53 | D        | Reached XP level 7. HP: 22/51 MP: 7/7
    54 | D        | Killed a wyvern
    59 | D        | Noticed an orange crystal statue
    69 | D        | Reached skill level 10 in Fighting
    69 | D        | Found Weoqa's Book Shoppe.
    70 | D        | Found Tiopori's Antique Weapon Shoppe.
    89 | D        | Found a blossoming altar of Fedhas.
    90 | D        | Found a white marble altar of Elyvilon.
    90 | D        | Found an opulent altar of Gozag.
    90 | D        | Found a burning altar of Makhleb.
    90 | D        | Noticed a neqoxec
    91 | D        | Found a shadowy altar of Dithmenos.
    91 | D        | Found a corrupted altar of Lugonu.
    92 | D        | Found a snail-covered altar of Cheibriados.
    92 | D        | Found an ancient bone altar of Kikubaaqudgha.
    92 | D        | Found a bloodstained altar of Trog.
    98 | D        | Slain by a water moccasin

Illustrated notes

Levels and vault maps discovered:
D:        the_violet_keep_of_menkaure [sprint2_stairs_cluster_1,
          sprint2_shoproom, sprint2_temple, sprint2_basic_supplies,
          sprint2_obstacle_2, sprint2_obstacle_6, sprint2_obstacle_4,
          sprint2_obstacle_5, sprint2_obstacle_7, sprint2_timed_cluster_1,
          sprint2_smallroom_cluster_1, sprint2_smallroom_final_cluster_1,
          sprint2_transparent_cluster_1, sprint2_second_timed_cluster_1,
          sprint2_sniper_area_1, sprint2_heavy_combat_area_1,
          sprint2_mutation_trap_area_1, sprint2_forest_area_1,
          sprint2_light_combat_area_1, sprint2_behind_water_1,
          sprint2_near_end_vault_1]

Skill      XL: |  1  2  3  4  5  6  7 |
---------------+----------------------+-----
Fighting       | 5 6 7 8 9 10 | 10.0
Polearms       | 2 3 5 6 8 |  8.4
Armour         | 5 6 7 8 9 |  9.5
Dodging        | 2 3 4 5 |  5.9
Shields        | |  3.2

Action                     |  1- 3 |  4- 6 |  7- 9 || total
---------------------------+-------+-------+-------++-------
  Melee: Trident           |     7 |    26 |    15 ||    48
    Use: Potion            |     1 |     2 |       ||     3
 Armour: Scale mail        |     3 |     7 |     3 ||    13
  Dodge: Dodged            |     4 |    15 |     4 ||    23

Table legend: (Time is in decaauts)
 A = Elapsed time spent in this place.
 B = Non-inter-level travel time spent in this place.
 C = Inter-level travel time spent in this place.
 D = Time resting spent in this place.
 E = Time spent auto-exploring this place.
 F = Levels seen in this place.
 G = Mean time per level.
                   A        B        C        D        E       F      G
               +--------+--------+--------+--------+--------+-----+--------+
         Total |    100 |    100 |      0 |      0 |      0 |   1 |  100.0 |
       Dungeon |    100 |    100 |      0 |      0 |      0 |   1 |  100.0 |
               +--------+--------+--------+--------+--------+-----+--------+

Top non-repeatable levels by time:
       D: 100 daAuts
